 Dungeon Crawl Stone Soup version 0.27-a0-1196-g3e9cee4cb2 (webtiles) character file.

Game seed: 15438561497894390545

100 Anon1729 the Skirmisher (level 4, -3/31 (33) HPs)
             Began as an Octopode Fighter on May 28, 2021.
             Slain by Crazy Yiuf
             ... wielding a +2 quarterstaff of chaos
              (15 damage)
             ... on level 2 of the Dungeon.
             The game lasted 00:01:38 (2256 turns).

Anon1729 the Skirmisher (Octopode Fighter)          Turns: 2256, Time: 00:01:39

HP:   -3/31 (33)    AC:  1    Str: 16    XL:     4   Next: 73%
MP:   4/4           EV: 11    Int: 10    God:
Gold: 61            SH:  9    Dex: 11    Spells: 3/3 levels left

rFire    + . .     SeeInvis .     - Unarmed
rCold    . . .     Faith    .   a - +0 kite shield
rNeg     . . .     Spirit   .   (helmet restricted)
rPois    .         Reflect  .   (no amulet)
rElec    .         Harm     .   e - ring of protection from fire
rCorr    .         Rampage  .   (no ring)
Will     .....                  (no ring)
Stlth    ++........             (no ring)
HPRegen  0.10/turn              (no ring)
MPRegen  0.09/turn              (no ring)
                                (no ring)
                                (no ring)

@: drained
A: almost no armour, amphibious, 8 rings, camouflage 1, gelatinous body 1,
(nimble swimmer 1), tentacles
a: no special abilities


You were on level 2 of the Dungeon.
You visited 1 branch of the dungeon, and saw 2 of its levels.

You collected 61 gold pieces.

Inventory:

Armour
 a - a +0 kite shield (worn)
Jewellery
 e - a ring of protection from fire (left tentacle)
 h - an amulet of guardian spirit
Scrolls
 f - 2 scrolls of identify {unknown}
 k - a scroll of teleportation {unknown}
Potions
 b - a potion of might
 c - a potion of resistance {unknown}
 d - a potion of ambrosia {unknown}
 g - a potion of degeneration {unknown}
 i - a potion of heal wounds {unknown}
 j - a potion of curing {unknown}


   Skills:
 + Level 3.7 Fighting
 + Level 3.6 Dodging
 + Level 3.7 Shields
 + Level 2.9 Unarmed Combat


You had 3 spell levels left.
You didn't know any spells.
Your spell library contained the following spells:

 Spells                   Type           Power      Damage    Failure   Level
 Magic Dart               Conj           0%         1d3       85%         1
 Searing Ray              Conj           0%         3d3       94%         2
 Confusing Touch          Hex            0%         N/A       99%         3
 Dazzling Flash           Conj/Hex       0%         N/A       99%         3
 Gell's Gravitas          Tloc           0%         N/A       99%         3
 Fulminant Prism          Conj/Hex       0%         3d6       100%        4
 Iskenderun's Mystic Bla  Conj/Tloc      0%         2d3       100%        4
 Petrify                  Tmut/Erth      0%         N/A       100%        4
 Metabolic Englaciation   Hex/Ice        0%         N/A       100%        5
 Yara's Violent Unravell  Hex/Tmut       0%         3d3       100%        5


Dungeon Overview and Level Annotations

Branches:
Dungeon (2/15)

Altars:

Annotations:
D:2 Crazy Yiuf


Innate Abilities, Weirdness & Mutations

You cannot wear most types of armour.
You are amphibious.
You can wear up to eight rings at the same time.
Your skin changes colour to match your surroundings (Stealth+).
Your rubbery body absorbs attacks. (AC +1, EV +1)
((You are camouflaged near water. (Stealth+)))
You have tentacles for arms and can constrict up to eight enemies at once.


Message History

You see here a +4 dagger.
Key pressed, stopping explore.
Items here: ( ))).
Crazy Yiuf shouts!
Crazy Yiuf cries, "You leg down broken song, no?"
Crazy Yiuf screams, "Candle!
Spliff ena eyeball."
Could not explore, unopened runed door.
Could not explore, unopened runed door.
Could not explore, unopened runed door.
You open the door.
You tentacle-slap Crazy Yiuf but do no damage.
Your grab misses Crazy Yiuf. You squeeze Crazy Yiuf.
Crazy Yiuf is lightly wounded.
Crazy Yiuf waves his quarterstaff at you.
Crazy Yiuf hits you with a +2 quarterstaff of chaos!
Crazy Yiuf draws strength from your wounds!
You tentacle-slap Crazy Yiuf but do no damage.
You grab Crazy Yiuf.
You constrict Crazy Yiuf, but do no damage.
Crazy Yiuf says, "Line!
Iron koolooloo alas."
You block Crazy Yiuf's attack.
You tentacle-slap Crazy Yiuf but do no damage.
You constrict Crazy Yiuf.
Crazy Yiuf hits you with a +2 quarterstaff of chaos!
You feel drained.
You are too injured to fight recklessly!
You are too injured to fight recklessly!
You are too injured to fight recklessly!
You are too injured to fight recklessly!
You are too injured to fight recklessly!
You are too injured to fight recklessly!
You are too injured to fight recklessly!
You are too injured to fight recklessly!
You are too injured to fight recklessly!
You tentacle-slap Crazy Yiuf but do no damage.
You squeeze Crazy Yiuf.
Crazy Yiuf is moderately wounded.
You constrict Crazy Yiuf.
Crazy Yiuf hits you with a +2 quarterstaff of chaos!
You die...

#.#..##.#.#####.##
#...............# #
###.#####.####### #
### ### # #
###♣♣♣♣♣ ###
##..P.♣.♣♣♣ ### #.>
##......♣..♣#...#
#.#
#....P.♣♣♣♣@g...#
#.. #.....♣♣
♣♣#..)# ##. #.###♣♣
### #. #.# #. #.#
#########. #.# ###
### ###.........
#.######.#
#.###.##########
#........## #.....#
########..######..#


You could see Crazy Yiuf.

Vanquished Creatures
  4 adders (D:2)
  A worm (D:2)
  3 dart slugs
  5 bats
  4 endoplasms
  A giant cockroach (D:2)
  8 goblins
  6 hobgoblins
  2 jackals (D:1)
  A quokka (D:1)
  4 ball pythons
  3 frilled lizards (D:2)
  4 kobolds
  9 rats
55 creatures vanquished.

Notes
Turn   | Place    | Note
-------+----------+-------------------------------------------
     0 | D:1      | Anon1729 the Octopode Fighter began the quest for the Orb.
     0 | D:1      | Reached XP level 1. HP: 16/16 MP: 1/1
   164 | D:1      | Reached XP level 2. HP: 14/21 MP: 2/2
   638 | D:1      | Reached XP level 3. HP: 17/26 MP: 3/3
  1374 | D:2      | Reached XP level 4. HP: 26/31 MP: 4/4
  1826 | D:2      | Found a runed translucent door.
  1827 | D:2      | Noticed Crazy Yiuf
  1985 | D:2      | Found a faded altar of an unknown god.
  2256 | D:2      | Slain by Crazy Yiuf

Illustrated notes

Levels and vault maps discovered:
D:1:      saegor_arrival_simple_a, layout_rooms, minmay_misc_feat_nine_boxes,
          serial_bayou_pond_a, minmay_misc_feat_four_crosses
D:2:      layout_loops_ring, ebering_ecumenical_altar_rust,
          minmay_crystal_water, minmay_diced_spiral, uniq_crazy_yiuf_cottage

Action                   |  1- 3 |  4- 6 || total
-------------------------+-------+-------++-------
Melee: Unarmed           |    80 |    38 ||   118
       Tentacles         |    21 |    12 ||    33
       Constrict         |    27 |    10 ||    37
       Punch             |     1 |       ||     1
 Stab: Sleeping          |     5 |     2 ||     7
       Distracted        |       |     1 ||     1
Armor: Skin              |     4 |     1 ||     5
Dodge: Dodged            |    24 |    12 ||    36
Block: Kite shield       |    38 |    13 ||    51

Table legend: (Time is in decaauts)
 A = Elapsed time spent in this place.
 B = Non-inter-level travel time spent in this place.
 C = Inter-level travel time spent in this place.
 D = Time resting spent in this place.
 E = Time spent auto-exploring this place.
 F = Levels seen in this place.
 G = Mean time per level.
                   A        B        C        D        E       F      G
               +--------+--------+--------+--------+--------+-----+--------+
         Total |   2278 |   2240 |     38 |    170 |   1752 |   2 | 1139.0 |
       Dungeon |   2278 |   2240 |     38 |    170 |   1752 |   2 | 1139.0 |
               +--------+--------+--------+--------+--------+-----+--------+

Top non-repeatable levels by time:
     D:2: 1205 daAuts
     D:1: 1072 daAuts
